 Dungeon Crawl Stone Soup version 0.29.1-4-g47bece8355 (webtiles) character file.

Game seed: 16817160020757692542

574 BiteMe the Magician (level 7, -18/47 HPs)
             Began as a Demonspawn Fire Elementalist on Dec 10, 2022.
             Demolished by an ogre
             ... wielding a +0 giant club
              (23 damage)
             ... on level 5 of the Dungeon.
             The game lasted 00:55:58 (6878 turns).

BiteMe the Magician (Demonspawn Fire Elementalist)  Turns: 6878, Time: 00:55:58

Health: -18/47     AC:  4    Str:  8    XL:     7   Next: 12%
Magic:  11/15      EV: 11    Int: 24    God:
Gold:   205        SH:  0    Dex: 14    Spells: 11/17 levels left

rFire   . . .      SeeInvis .   g - +3 rapier
rCold   . . .      Faith    .   (no shield)
rNeg    . . .      Spirit   .   E - +0 troll leather armour
rPois   .          Reflect  .   (no helmet)
rElec   .          Harm     .   (no cloak)
rCorr   .          Rampage  .   (no gloves)
Will    .....                   (no boots)
Stlth   ++........              (no amulet)
HPRegen 0.95/turn               t - +6 ring of intelligence
MPRegen 0.14/turn               (no ring)

@: no status effects
A: demonic magic 1
a: no special abilities


You were on level 5 of the Dungeon.
You visited 1 branch of the dungeon, and saw 5 of its levels.

You collected 205 gold pieces.

Inventory:

Hand Weapons
 c - a +0 club
 e - a +0 short sword
 g - a +3 rapier (weapon)
 k - a +0 dagger
 p - a +2 mace of venom
 r - a +0 spear
 u - a +0 whip
 v - a +0 flail
 y - a +1 dagger of venom
 B - a +0 hand axe
 D - a +3 flail
Armour
 a - a +0 robe
 j - a +0 ring mail
 w - a +0 scale mail
 E - a +0 troll leather armour (worn)
Jewellery
 t - a +6 ring of intelligence (left hand)
Wands
 H - a wand of flame (18)
Scrolls
 d - a scroll of brand weapon {unknown}
 i - 3 scrolls of teleportation {unknown}
 l - 2 scrolls of magic mapping {unknown}
 m - 2 scrolls of enchant armour {unknown}
 n - 3 scrolls of identify {unknown}
 o - 2 scrolls of silence {unknown}
 q - 2 scrolls of enchant weapon {unknown}
 x - 2 scrolls of noise {unknown}
 A - a scroll of butterflies {unknown}
 C - a scroll of amnesia {unknown}
 I - a scroll of blinking {unknown}
Potions
 f - 2 potions of curing {unknown}
 h - 2 potions of haste {unknown}
 s - a potion of attraction {unknown}
 z - a potion of lignification {unknown}
 F - a potion of heal wounds {unknown}
 G - a potion of cancellation {unknown}


   Skills:
 + Level 0.3 Fighting
 + Level 0.6 Short Blades
 - Level 1.7 Dodging
 - Level 1.7 Stealth
 * Level 5.5 Spellcasting
 + Level 2.8 Conjurations
 + Level 4.5 Fire Magic


You had 11 spell levels left.
You knew the following spells:

 Your Spells              Type           Power      Damage    Failure   Level
a - Foxfire               Conj/Fire      96%        2x1d8     2%          1
b - Scorch                Fire           56%        2d8       3%          2
c - Conjure Flame         Conj/Fire      24%        6-21      9%          3

Your spell library contained the following spells:

 Spells                   Type           Power      Damage    Failure   Level
 Magic Dart               Conj           80%        1d7       3%          1
 Inner Flame              Hex/Fire       17%        N/A       14%         3
 Blink                    Tloc           12%        N/A       19%         2
 Call Imp                 Summ           6%         N/A       19%         2
 Ignite Poison            Fire/Tmut/Pois 13%        N/A       21%         3
 Mephitic Cloud           Conj/Pois/Air  11%        N/A       24%         3
 Flame Wave               Conj/Fire      24%        2d8       26%         4
 Lesser Beckoning         Tloc           6%         N/A       36%         3
 Freezing Cloud           Conj/Ice/Air   5%         6-21      92%         5
 Manifold Assault         Tloc           6%         N/A       98%         5


Dungeon Overview and Level Annotations

Branches:
Dungeon (5/15)
 Temple: D:4-7

Altars:
Cheibriados
Okawaru
Wu Jian

Shops:
D:4 (=


Innate Abilities, Weirdness & Mutations

Spells you cast may paralyse adjacent enemies.


Message History

Flames lash the orc.
The orc is burned terribly!
You kill the orc!
Malevolent energies surge around you.
Casting: Scorch (safe; 3% risk of failure)
Confirm with . or Enter, or press ? or * to list all spells.
Flames lash the ogre.
The ogre is heavily wounded.
The ogre's fire resistance burns away.
Malevolent energies surge around you.
Unknown command.
Casting: Scorch (safe; 3% risk of failure)
Confirm with . or Enter, or press ? or * to list all spells.
You don't have enough magic to cast this spell.
Casting: Foxfire (safe; 2% risk of failure)
Press: ? - help, Q - select action, (/) - cycle Dir - look around, f - activate You conjure some foxfire!
Malevolent energies surge around you.
Your foxfire dissipates!
Casting: Foxfire (safe; 2% risk of failure)
Press: ? - help, Q - select action, (/) - cycle Dir - look around, f - activate You conjure some foxfire!
Malevolent energies surge around you.
The foxfire hits the ogre.
The ogre is severely wounded.
The foxfire hits the ogre.
The ogre is severely wounded.
Magic courses through your body.
The ogre hits you with a +0 giant club!!
Ouch! That really hurt!
The sky beast flickers out of sight!
The ogre hits you with a +0 giant club!
* * * LOW HITPOINT WARNING * * *
Casting: Foxfire (safe; 2% risk of failure)
Confirm with . or Enter, or press ? or * to list all spells.
Flames lash the orc wizard.
The orc wizard is almost dead.
The orc wizard's fire resistance burns away.
Malevolent energies surge around you.
Casting: Scorch (safe; 3% risk of failure)
Confirm with . or Enter, or press ? or * to list all spells.
Flames lash something.
Malevolent energies surge around you.
The ogre hits you with a +0 giant club!!
You die...

#.#.# #..#.##.).....
#.#.# #..#.#........
#.#.###..#.#..######
#..........#..#
###.###..###..######
#.# #.............
#.# #.####..#####.
#.# #.# #..# #@###.#
#..# #.O{o.# #..#
####h.# #..# #ยง.#
#..#. #O.# #..#.#
#.Y# #..#.###.
#..####..#.....
#.o.........###
##.####..#.#...


You could see an ogre, a howler monkey and an orc wizard (combustible).

Vanquished Creatures
  A scorpion (D:4)
  4 hounds
  A jelly (D:5)
  2 orc priests (D:3)
  Terence (D:3)
  Natasha (thrice) (D:3)
  An orc wizard (D:4)
  2 gnolls (D:4)
  7 adders
  A worm (D:4)
  3 dart slugs
  13 orcs
  2 bats (D:1)
  8 endoplasms
  4 giant cockroaches
  6 goblins
  A hobgoblin (D:2)
  6 jackals
  2 quokkas
  10 ball pythons
  5 frilled lizards
  9 kobolds
  4 rats
96 creatures vanquished.

Vanquished Creatures (others)
  276 foxfires
276 creatures vanquished.

Grand Total: 372 creatures vanquished

Notes
Turn   | Place    | Note
-------+----------+-------------------------------------------
     0 | D:1      | BiteMe the Demonspawn Fire Elementalist began the quest for
                  | the Orb.
     0 | D:1      | Reached XP level 1. HP: 13/13 MP: 3/3
   643 | D:1      | Found a faded altar of an unknown god.
   833 | D:1      | Gained mutation: Spells you cast may paralyse adjacent
                  | enemies. [demonic ancestry]
   833 | D:1      | Reached XP level 2. HP: 19/19 MP: 1/5
  1794 | D:2      | Found an ornate altar of the Wu Jian Council.
  2523 | D:2      | Reached XP level 3. HP: 23/24 MP: 2/6
  2564 | D:2      | Learned a level 2 spell: Scorch
  3207 | D:3      | Noticed Terence
  3218 | D:3      | Killed Terence
  3219 | D:3      | Reached skill level 3 in Spellcasting
  3219 | D:3      | Reached XP level 4. HP: 24/30 MP: 3/8
  3555 | D:3      | Noticed Natasha
  3565 | D:3      | Killed Natasha
  3569 | D:3      | Noticed Natasha
  3579 | D:3      | Killed Natasha
  3580 | D:3      | Reached XP level 5. HP: 19/35 MP: 3/10
  3966 | D:3      | Reached skill level 4 in Spellcasting
  4380 | D:3      | Noticed Natasha
  4390 | D:3      | Killed Natasha
  4422 | D:3      | Learned a level 3 spell: Conjure Flame
  4425 | D:3      | Found an iron altar of Okawaru.
  4601 | D:3      | Reached XP level 6. HP: 41/41 MP: 2/12
  4903 | D:4      | Found a snail-covered altar of Cheibriados.
  5628 | D:4      | Found Cischi's Jewellery Emporium.
  5635 | D:4      | Reached skill level 5 in Spellcasting
  6174 | D:4      | Found Foedghit's Firing Range.
  6233 | D:5      | Entered Level 5 of the Dungeon
  6419 | D:5      | Reached XP level 7. HP: 46/46 MP: 10/14
  6878 | D:5      | Demolished by an ogre

Illustrated notes

Levels and vault maps discovered:
D:1:      dpeg_arrival_round_a, layout_basic,
          shapermc_ecumenical_altar_mp_highgroup, nrook_mini_vaults
D:2:      layout_loops_corners, basic_altar
D:3:      layout_basic, lemuel_doored_altar, uniq_natasha, uniq_terence
D:4:      layout_rooms, mainiacjoe_overflow_concentric_impassable, serial_shops,
          shop, nicolae_shop_firing_range
D:5:      layout_loops_ring, mainiacjoe_overflow_24_doors,
          nicolae_ru_sacrificial_ziggurat

Skill      XL: |  1  2  3  4  5  6 |
---------------+-------------------+-----
Fire Magic     | 3 4 |  4.5
Spellcasting   | 3 4 5 |  5.5
Conjurations   | 2 |  2.8
Fighting       | |  0.3
Short Blades   | |  0.6
Dodging        | |  1.7
Stealth        | |  1.7

Action                   |  1- 3 |  4- 6 |  7- 9 || total
-------------------------+-------+-------+-------++-------
Melee: Rapier            |     7 |    15 |       ||    22
 Cast: Foxfire           |    56 |    92 |    10 ||   158
       Conjure Flame     |       |     2 |     3 ||     5
       Scorch            |       |       |    11 ||    11
  Use: Potion            |       |     1 |     1 ||     2
 Stab: Paralysed         |     2 |     1 |       ||     3
       Sleeping          |     1 |       |       ||     1
Armor: Robe              |     1 |     8 |       ||     9
Dodge: Dodged            |     8 |    23 |     1 ||    32
